 Dungeon Crawl Stone Soup version 0.31.0-1-g2c135a008e (webtiles) character file.

Game seed: 1491485166865932701

47721 Colgate the Marksspriggan (level 14, -5/75 HPs)
             Began as a Spriggan Fire Elementalist on Jan 20, 2024.
             Was a Follower of Fedhas.
             Slain by a spark wasp (12 damage)
             ... created by the adversity of Qazlal
             ... on level 3 of the Lair of Beasts.
             The game lasted 01:24:35 (19424 turns).

Colgate the Marksspriggan (SpFE)                   Turns: 19424, Time: 01:24:35

Health: -5/75      AC: 15    Str:  4    XL:     14   Next: 9%
Magic:  21/21      EV: 27    Int: 23    God:    Fedhas [*.....]
Gold:   1233       SH:  0    Dex: 20    Spells: 15/18 levels left

rFire   . . .        a - +2 arbalest (drain)
rCold   . . .        (shield currently unavailable)
rNeg    . . .        x - +3 steam dragon scales
rPois   +            (helmet restricted)
rElec   .            s - +2 cloak
rCorr   .            (gloves unavailable)
SInv    +            (boots unavailable)
Will    ++...        A - amulet of faith
Stlth   +++++        W - +4 ring of protection
HPRegen 0.32/turn    p - ring "Hexogimp" {rPois Int+6 Stlth+}
MPRegen 0.17/turn

%: faith
@: studying Throwing, very quick
A: very small, no large weapons, unfitting armour, see invisible, speed 3
a: Renounce Religion


You were on level 3 of the Lair of Beasts.
You worshipped Fedhas.
Fedhas was aware of your devotion.
You visited 3 branches of the dungeon, and saw 17 of its levels.

You collected 1233 gold pieces.

Inventory:

Hand Weapons
 a - a +2 arbalest of draining (weapon)
 b - the +7 shortbow "Moreman" {elec, rElec Str+2}
   (You acquired it on level 6 of the Dungeon)

   Str+2:     It affects your strength (+2).
   rElec:     It insulates you from electricity.
 r - a +3 dagger
 J - a +0 orcbow
 V - the +1 long sword of Agony {antimagic, +Blink Int+2}
   (You found it on level 2 of the Lair of Beasts)

   Int+2:     It affects your intelligence (+2).
   +Blink:    It lets you blink.
Missiles
 y - 11 curare-tipped darts
 Q - a throwing net {!f}
Armour
 s - a +2 cloak (worn)
 x - +3 steam dragon scales (worn)
Jewellery
 d - a +5 ring of evasion
 o - a ring of protection from fire
 p - the ring "Hexogimp" (right hand) {rPois Int+6 Stlth+}
   (You took it off an orc on level 9 of the Dungeon)

   [ring of intelligence]

   Int+6:     It affects your intelligence (+6).
   rPois:     It protects you from poison Stlth+: It makes you more stealthy.
 u - a ring of fire
 z - a ring of flight
 A - an amulet of faith (around neck)
 F - a ring of wizardry
 W - a +4 ring of protection (left hand)
 Y - an amulet of the acrobat
Wands
 t - a wand of charming (14)
 C - a wand of flame (1)
 H - a wand of quicksilver (6) {@v1}
 L - a wand of polymorph (5)
 U - a wand of digging (4) {@v3}
 Z - a wand of roots (8) {@v2}
Scrolls
 c - 2 scrolls of teleportation {@r3}
 f - 4 scrolls of poison
 i - a scroll of immolation {unknown}
 m - 3 scrolls of fog
 n - a scroll of amnesia {unknown}
 q - 5 scrolls of noise
 w - a scroll of torment
 B - 2 scrolls of vulnerability
 E - 2 scrolls of blinking {@r4}
 G - 2 scrolls of brand weapon
 I - a scroll of fear
 N - 2 scrolls of revelation
 S - a scroll of acquirement
Potions
 e - 3 potions of magic
 g - 3 potions of might {@q3}
 h - 4 potions of heal wounds {@q2}
 j - 3 potions of curing {@q1}
 k - 2 potions of ambrosia
 l - 6 potions of attraction
 v - a potion of resistance {unknown}
 D - 2 potions of lignification
 K - 4 potions of haste {@q4}
 M - 2 potions of invisibility
 R - a potion of berserk rage {unknown}
 T - a potion of brilliance {unknown}
Miscellaneous
 X - a lightning rod (4/4)


   Skills:
 - Level 9.0 Fighting
 - Level 18.0 Ranged Weapons
 - Level 11.6 Dodging
 + Level 7.1 Stealth
 - Level 2.6 Spellcasting
 - Level 0.6 Conjurations
 - Level 3.0 Fire Magic
 - Level 8.0 Invocations
 - Level 5.1 Evocations


You had 15 spell levels left.
You knew the following spells:

 Your Spells              Type           Power      Damage    Failure   Level
a - Foxfire               Conj/Fire      44%        2x1d6     6%          1
b - Scorch                Fire           32%        2d6       5%          2

Your spell library contained the following spells:

 Spells                   Type           Power      Damage    Failure   Level
 Kiss of Death            Conj/Necr      16%        2d6       11%         1
 Shock                    Conj/Air       16%        1d4       11%         1
 Lesser Beckoning         Tloc           6%         N/A       19%         2
 Inner Flame              Hex/Fire       9%         N/A       19%         3
 Volatile Blastmotes      Fire/Tloc      18%        2d11      19%         3
 Mephitic Cloud           Conj/Alch/Air  4%         N/A       32%         3
 Confusing Touch          Hex            3%         N/A       34%         3
 Gell's Gravitas          Tloc           3%         N/A       34%         3
 Swiftness                Air            3%         N/A       34%         3
 Teleport Other           Tloc           3%         N/A       34%         3
 Flame Wave               Conj/Fire      11%        2d6       50%         4
 Brom's Barrelling Bould  Conj/Erth      4%         2d3       71%         4
 Airstrike                Air            1%         2d(1-17)  75%         4
 Animate Dead             Necr           3%         N/A       75%         4
 Dispel Undead            Necr           3%         3d7       75%         4
 Fireball                 Conj/Fire      5%         3d5       85%         5
 Iskenderun's Battlesphe  Conj           5%         2d6       95%         5
 Arcjolt                  Conj/Air       2%         1d12      96%         5
 Conjure Ball Lightning   Conj/Air       2%         3x3d6     100%        6
 Orb of Destruction       Conj           2%         9d5       100%        7
 Death's Door             Necr           1%         N/A       100%        9


Dungeon Overview and Level Annotations

Branches:
Dungeon (12/15)            Temple (1/1) D:4            Lair (4/5) D:10
 Shoals (0/4) Lair:3       Spider (0/4) Lair:3          Orc (0/2) D:10
  Slime: Lair:4-5

Altars:
Ashenzari
Cheibriados
Dithmenos
Elyvilon
Fedhas
Gozag
Hepliaklqana
Kikubaaqudgha
Makhleb
Okawaru
Qazlal
Ru
Sif Muna
Trog
Uskayaw
Vehumet
Wu Jian
Xom
Yredelemnul
Zin
The Shining One

Shops:
D:11 (

Annotations:
Lair:4 Snorg


Innate Abilities, Weirdness & Mutations

You are very small and have problems with some larger weapons.
You are too small for most types of armour.
You have supernaturally acute eyesight. (SInv)
You cover ground extremely quickly. (Speed+++)


Message History

Aim: a killer bee (lightly wounded, 52% to hit)
You shoot a bolt. The bolt hits the killer bee!
You kill the killer bee!
Fedhas appreciates your contribution to the ecosystem.
No target in view!
Qazlal incites the elements against you!
A fire dragon, a spark wasp and a lindwurm come into view.
The lindwurm breathes flames at you. The blast of flame misses you.
You shoot a bolt. The bolt hits the spark wasp!
You shoot a bolt. The bolt barely misses the spark wasp.
The spark wasp attacks as it pursues you!
The spark wasp stings you. The spark wasp shocks you!
The spark wasp attacks as it pursues you!
The spark wasp misses you.
The spark wasp bursts into living lightning!
The living lightning misses you.
The spark wasp blinks!
You see here 5 stones.
The spark wasp stings you! The spark wasp shocks you!
The spark wasp completely misses you.
The spark wasp attacks as it pursues you!
The spark wasp barely misses you.
The spark wasp attacks as it pursues you!
The spark wasp barely misses you.
The spark wasp attacks as it pursues you!
The spark wasp closely misses you.
The spark wasp attacks as it pursues you!
The spark wasp completely misses you.
The spark wasp bursts into living lightning!
The living lightning hits you!!
* * * LOW HITPOINT WARNING * * *
The spark wasp blinks!
You shoot a bolt.
The bolt hits the spark wasp but does no damage.
You drain the spark wasp. The spark wasp barely misses you.
The spark wasp stings you!
* * * LOW HITPOINT WARNING * * *
The spark wasp shocks you!
You die...
Fedhas appreciates your contribution to the ecosystem.

#......>...##.##...........
#.......[....>###...P......
##.............###...#......
#..........ยง.....#....#.....
##.........(...#............
#........#P.................
##.......#.....P............
#................>.........
##.........@................
##..........y................
#P...........................
##P..........................
##..........#...............
##..........##.#............
#.........<..#..#.........#.
##........................#P
#..........................


You could see a spark wasp (drained).

Vanquished Creatures
  Nessos (D:12)
  2 hydras
  2 two-headed ogres
  2 death yaks (Lair:3)
  A boulder beetle (D:11)
  Sonja (Lair:4)
  3 skeletal warriors (D:12)
  A pharaoh ant (Lair:3)
  2 skysharks
  An obsidian statue (Lair:2)
  A lindwurm (Lair:2)
  2 manticores (D:12)
  4 ugly things
  A cyclops (D:12)
  11 elephants
  3 meliai
  5 black mambas
  2 rime drakes (Lair:3)
  4 komodo dragons
  4 cane toads
  2 unseen horrors (D:12)
  6 polar bears
  5 trolls
  Grinder (D:4)
  A hornet (D:8)
  11 blink frogs
  Sigmund (D:2)
  2 shadows
  7 wyverns
  3 water elementals (D:12)
  68 yaks
  A vampire (D:12)
  5 basilisks
  Grum (Lair:1)
  4 vampire mosquitoes
  A redback (Lair:3)
  5 steam dragons
  Menkaure (D:7)
  An acid dragon (D:12)
  12 water moccasins
  Duvessa (D:4)
  4 orc warriors
  An ice beast (D:8)
  2 black bears
  An ogre (D:5)
  5 centaurs
  4 wolves (Lair:1)
  A phantom (D:5)
  7 kobold brigands
  11 bullfrogs
  3 gnoll sergeants
  5 scorpions
  28 killer bees
  Dowan (D:4)
  4 electric eels
  4 howler monkeys
  A bombardier beetle (D:5)
  4 crimson imps
  6 hounds
  4 jellies
  5 orc priests
  Crazy Yiuf (D:4)
  An iguana (D:3)
  A sleepcap (D:7)
  10 orc wizards
  8 gnolls
  4 adders
  A shadow imp (D:7)
  5 white imps
  2 dart slugs
  2 ribbon worms
  34 orcs
  8 endoplasms
  4 giant cockroaches
  3 goblins
  4 hobgoblins
  4 jackals (D:2)
  4 quokkas
  9 ball pythons
  12 bats
  3 frilled lizards
  30 kobolds
  5 rats
  A butterfly (Lair:1)
  2 foxfires
451 creatures vanquished.

Vanquished Creatures (others)
  An orc priest (D:8)
  An orc (D:8)
  144 foxfires
146 creatures vanquished.

Grand Total: 597 creatures vanquished

Notes
Turn   | Place    | Note
-------+----------+-------------------------------------------
     0 | D:1      | Colgate the Spriggan Fire Elementalist began the quest for
                  | the Orb.
     0 | D:1      | Reached XP level 1. HP: 9/9 MP: 5/5
   351 | D:1      | Found a faded altar of an unknown god.
   362 | D:1      | Prayed at the altar of an unknown god.
   362 | D:1      | Became a worshipper of Qazlal Stormbringer
   362 | D:1      | Reached * piety under Qazlal
   530 | D:1      | Reached XP level 2. HP: 13/13 MP: 2/6
   533 | D:1      | Learned a level 2 spell: Scorch
   841 | D:1      | Reached skill level 1 in Ranged Weapons
   850 | D:1      | Got Foca's Tractate on the Doomed Zephyr
  1331 | D:1      | Reached XP level 3. HP: 16/16 MP: 2/8
  1424 | D:2      | Reached skill level 2 in Ranged Weapons
  1613 | D:2      | Noticed Sigmund
  1659 | D:2      | Killed Sigmund
  1660 | D:2      | Reached skill level 4 in Ranged Weapons
  1660 | D:2      | Reached XP level 4. HP: 21/21 MP: 3/9
  1660 | D:2      | Reached XP level 5. HP: 24/24 MP: 3/10
  1980 | D:2      | Reached ** piety under Qazlal
  2887 | D:3      | Reached skill level 5 in Ranged Weapons
  3251 | D:3      | Reached XP level 6. HP: 28/28 MP: 5/11
  3500 | D:4      | Noticed Grinder
  3540 | D:4      | Paralysed by Grinder for 4 turns
  3632 | D:4      | Killed Grinder
  3633 | D:4      | Reached skill level 6 in Ranged Weapons
  3727 | D:4      | Reached skill level 7 in Ranged Weapons
  3727 | D:4      | Reached XP level 7. HP: 32/32 MP: 7/12
  3871 | D:4      | Noticed Dowan
  3874 | D:4      | Noticed Duvessa
  3935 | D:4      | Killed Duvessa
  4395 | D:4      | Killed Dowan
  4396 | D:4      | Reached skill level 8 in Ranged Weapons
  4478 | D:4      | Found a staircase to the Ecumenical Temple.
  4575 | D:4      | Found a runed translucent door.
  4576 | D:4      | Noticed Crazy Yiuf
  5061 | D:4      | Killed Crazy Yiuf
  5179 | D:5      | Entered Level 5 of the Dungeon
  5194 | D:5      | Found an iron altar of Okawaru.
  5258 | D:5      | Reached skill level 9 in Ranged Weapons
  5258 | D:5      | Reached XP level 8. HP: 36/36 MP: 2/13
  5262 | D:5      | Reached *** piety under Qazlal
  5369 | D:5      | Found a shimmering altar of Xom.
  5908 | D:6      | Identified a scroll of acquirement
  5914 | D:6      | Acquired the +7 shortbow "Moreman" {elec, rElec Str+2}
  6152 | D:6      | Reached skill level 10 in Ranged Weapons
  6818 | D:6      | Found a broken altar of Ashenzari.
  7259 | D:7      | Reached skill level 11 in Ranged Weapons
  7450 | D:7      | Reached **** piety under Qazlal
  7552 | D:7      | Noticed Menkaure
  7559 | D:7      | Killed Menkaure
  7560 | D:7      | Reached XP level 9. HP: 8/39 MP: 14/14
  8028 | D:7      | Found a radiant altar of Vehumet.
  8028 | D:7      | Found a burning altar of Makhleb.
  8193 | D:8      | Reached skill level 12 in Ranged Weapons
  8284 | D:8      | Reached skill level 1 in Fighting
  8810 | D:8      | Reached skill level 5 in Dodging
  9169 | D:8      | Reached XP level 10. HP: 49/49 MP: 15/15
  9251 | D:8      | Reached ***** piety under Qazlal
  9715 | D:9      | Noticed a two-headed ogre
  9720 | D:9      | Killed a two-headed ogre
  9894 | D:9      | Identified the ring "Hexogimp" {rPois Int+6 Stlth+}
 10811 | D:10     | Entered Level 10 of the Dungeon
 10862 | D:10     | Reached skill level 5 in Fighting
 11041 | D:10     | Got Sif Muna's Meditations on the Decaying Compass
 11140 | D:10     | Reached XP level 11. HP: 44/56 MP: 18/18
 11242 | D:10     | Found a staircase to the Lair.
 11274 | D:10     | Reached skill level 1 in Evocations
 11495 | D:10     | Found a bloodstained altar of Trog.
 11552 | D:10     | Found a staircase to the Orcish Mines.
 11879 | D:10     | Found a blossoming altar of Fedhas.
 11915 | D:10     | Found a hide-covered altar of Uskayaw.
 12185 | D:11     | Noticed a cyan ugly thing
 12255 | D:11     | Killed a cyan ugly thing
 12302 | D:11     | Noticed a boulder beetle
 12359 | D:11     | Reached skill level 13 in Ranged Weapons
 12451 | D:11     | Killed a boulder beetle
 12634 | D:11     | Noticed a two-headed ogre
 12638 | D:11     | Killed a two-headed ogre
 12639 | D:11     | Reached skill level 14 in Ranged Weapons
 12876 | D:11     | Found Lecsaq's Antique Weapon Shoppe.
 13032 | D:12     | Reached skill level 5 in Evocations
 13100 | D:12     | Noticed a purple ugly thing
 13108 | D:12     | Killed a purple ugly thing
 13199 | D:12     | Reached ****** piety under Qazlal
 13227 | D:12     | Reached XP level 12. HP: 61/61 MP: 19/19
 13491 | D:12     | Noticed Nessos
 13515 | D:12     | Killed Nessos
 14352 | Lair:1   | Entered Level 1 of the Lair of Beasts
 14515 | Lair:1   | Reached skill level 10 in Dodging
 15029 | Lair:1   | Noticed Grum
 15048 | Lair:1   | Killed Grum
 15163 | Lair:1   | Noticed a four-headed hydra
 15180 | Lair:1   | Killed a four-headed hydra
 15181 | Lair:1   | Reached XP level 13. HP: 70/70 MP: 20/20
 15586 | Lair:2   | Reached skill level 15 in Ranged Weapons
 16555 | Lair:2   | Identified the +1 long sword of Agony {antimagic, +Blink
                  | Int+2}
 16681 | Lair:3   | Reached skill level 16 in Ranged Weapons
 16713 | Lair:3   | Found a staircase to the Shoals.
 17391 | Lair:3   | Reached skill level 17 in Ranged Weapons
 17501 | Lair:3   | Found a hole to the Spider Nest.
 17937 | Temple   | Entered the Ecumenical Temple
 18125 | D:10     | Fell from the grace of Qazlal
 18125 | D:10     | Became a worshipper of Fedhas Madash
 18219 | Lair:4   | Noticed Sonja
 18262 | Lair:4   | Killed Sonja
 18489 | Lair:3   | Reached XP level 14. HP: 60/75 MP: 21/21
 18813 | Lair:4   | Noticed Snorg
 18912 | Lair:3   | Reached * piety under Fedhas
 18952 | Lair:3   | Reached skill level 18 in Ranged Weapons
 19424 | Lair:3   | Slain by a spark wasp

Illustrated notes

Levels and vault maps discovered:
D:1:      dpeg_arrival_rooms_b, layout_loops_ring,
          hellmonk_ecumenical_altar_zigzags, minmay_pentomino_v4
D:2:      layout_basic, serial_forest, infiniplex_forest_lined_room_3,
          infiniplex_forest_clump_diagonal, infiniplex_forest_fountain,
          infiniplex_forest_end_2, infiniplex_forest_end_2, uniq_sigmund
D:3:      layout_basic
D:4:      layout_loops_cross, temple_statues, uniq_duvessa,
          uniq_crazy_yiuf_cottage, uniq_grinder
D:5:      layout_cave_pools, grunt_temple_overflow_open,
          nicolae_overflow_hidden_temple
D:6:      layout_cave_pods, nicolae_ashenzari_skybound, roderic_batcave
D:7:      layout_loops_ring, grunt_temple_overflow_lords_of_destruction,
          uniq_menkaure
D:8:      minmay_thinvault, layout_loops_ring, hangedman_decor_riveting,
          nicolae_houndstooth_variations
D:9:      layout_gridville
D:10:     layout_long_grid, mainiacjoe_overflow_two_lobes, marbit_many_paths,
          david_lair_generic, david_orc_3
D:11:     layout_loops_cross, serial_shops, shop, minmay_fire_ice_demons
D:12:     layout_gridville, serial_bayou, serial_bayou_pond_b,
          serial_bayou_shore_a, serial_bayou_lake_a, serial_bayou_pond_a,
          uniq_nessos
Temple:   nicolae_temple_ecumenical_triangle
Lair:1:   layout_roguey, hangedman_lair_generics_rect, lemuel_fruit_fields,
          uniq_grum
Lair:2:   statuecave_lemuel, layout_layer_cave
Lair:3:   layout_gridlike, shoals_dummy_entry,
          nicolae_spider_entry_lesser_pyramids, st_stairs_6,
          cheibrodos_lair_lostbears
Lair:4:   layout_roguey [special_room_bee], grunt_megastairs_4, uniq_snorg,
          uniq_sonja

Skill      XL: |  1  2  3  4  5  6  7  8  9 10 11 12 13 14 |
---------------+-------------------------------------------+-----
Fire Magic     | 3 |  3.0
Ranged Weapons | 1 4 5 7 9 11 12 14 17 18 | 18.0
Fighting       | 3 5 6 9 |  9.0
Dodging        | 5 8 11 | 11.6
Stealth        | 6 7 |  7.1
Invocations    | 3 8 |  8.0
Evocations     | 5 |  5.1
Spellcasting   | |  2.6
Conjurations   | |  0.6

Action                     |  1- 3 |  4- 6 |  7- 9 | 10-12 | 13-15 || total
---------------------------+-------+-------+-------+-------+-------++-------
  Melee: Dagger            |     5 |       |       |       |       ||     5
   Fire: Sling             |    49 |    76 |   111 |       |       ||   236
         Shortbow          |       |       |   224 |   717 |   484 ||  1425
         Arbalest          |       |       |       |       |    43 ||    43
   Cast: Foxfire           |    27 |    15 |    42 |       |       ||    84
         Scorch            |     3 |    18 |    26 |       |       ||    47
 Invoke: Disaster Area     |       |       |       |     1 |       ||     1
    Use: Scroll            |     4 |     3 |    15 |    10 |     4 ||    36
   Stab: Sleeping          |     1 |       |       |       |       ||     1
 Armour: Robe              |     3 |     5 |    19 |       |       ||    27
         Steam dragon scal |       |       |       |    38 |    61 ||    99
  Dodge: Dodged            |    21 |    30 |    84 |   153 |   212 ||   500
         Repelled          |       |       |     4 |     4 |       ||     8
  Block: Other             |       |     1 |    10 |    46 |    16 ||    73
